 Dungeon Crawl Stone Soup version 0.28.0 (webtiles) character file.

Game seed: 10662959507321970404

33 fiver49 the Magician (level 3, 0/25 HPs)
             Began as a Djinni Summoner on Feb 6, 2022.
             Frozen to death by an endoplasm (6 damage)
             ... on level 2 of the Dungeon.
             The game lasted 00:04:13 (2058 turns).

fiver49 the Magician (Djinni Summoner)              Turns: 2058, Time: 00:04:16

Health: 0/25       AC:  2    Str:  7    XL:     3   Next: 47%
Gold:   9          EV: 12    Int: 18    God:
                   SH:  0    Dex: 13

rFire   + + .      SeeInvis .   b - +0 dagger
rCold   x . .      Faith    .   (no shield)
rNeg    . . .      Spirit   .   a - +0 robe
rPois   ∞          Reflect  .   (no helmet)
rElec   .          Harm     .   (no cloak)
rCorr   .          Rampage  .   (no gloves)
Will    .....                   (boots unavailable)
Stlth   ++........              (no amulet)
HPRegen 0.08/turn               (no ring)
MPRegen 0.00/turn               (no ring)

@: flying
A: sickness immunity, fire resistance 2, cold vulnerability 1, float, innate
caster, HP casting, extra vitality 1
a: no special abilities


You were on level 2 of the Dungeon.
You visited 1 branch of the dungeon, and saw 2 of its levels.

You collected 9 gold pieces.

Inventory:

Hand Weapons
 b - a +0 dagger (weapon)
   (You took it off a kobold on level 1 of the Dungeon)
Armour
 a - a +0 robe (worn)
 e - a +0 kite shield
   (You found it on level 1 of the Dungeon)
Scrolls
 c - a scroll of enchant armour {unknown}
 d - 2 scrolls of magic mapping {unknown}
Potions
 f - a potion of lignification {unknown}
 g - a potion of invisibility {unknown}
 h - a potion of brilliance {unknown}


   Skills:
 - Level 2.1 Dodging
 - Level 1.5 Stealth
 + Level 4.0 Spellcasting


You couldn't memorise any spells.
You knew the following spells:

 Your Spells              Type           Power      Damage    Failure   Level
a - Summon Small Mammal   Summ           72%        N/A       2%          1
b - Call Imp              Summ           18%        N/A       4%          2
c - Call Canine Familiar  Summ           18%        N/A       9%          3
d - Summon Guardian Gole  Hex/Summ       18%        N/A       9%          3
e - Summon Lightning Spi  Summ/Air       18%        N/A       26%         4
f - Shock                 Conj/Air       72%        1d7       2%          1
Your spell library was empty.

Dungeon Overview and Level Annotations

Branches:
Dungeon (2/15)

Altars:


Innate Abilities, Weirdness & Mutations

You are immune to sickness and miasma.
You are immune to poison.
Your flesh is very heat resistant. (rF++)
You are vulnerable to cold. (rC-)
You float through the air rather than walking.
You learn spells naturally, not from books.
Your magical power is your life essence.
You have superior vitality. (+4 MHP)


Message History

Your shadow imp dies!
Your shadow imp disappears in a puff of smoke!
Casting: Call Imp (safe; 4% risk of failure)
Confirm with . or Enter, or press ? or * to list all spells.
A beastly little devil appears in a puff of flame.
You swap places.
Your crimson imp hits the worm.
Your crimson imp blinks!
Casting: Call Imp (safe; 4% risk of failure)
Confirm with . or Enter, or press ? or * to list all spells.
You swap places.
Your bat hits the worm.
Your bat hits the worm but does no damage.
The worm misses your bat.
Your bat hits the worm.
Your bat completely misses the worm.
Your crimson imp hits the worm.
Your bat hits the worm but does no damage.
Your bat hits the worm.
Your bat hits the worm but does no damage.
Your crimson imp hits the worm.
The worm barely misses your bat.
Your bat hits the worm. x2
Your crimson imp hits the worm but does no damage.
Your bat hits the worm.
Your bat hits the worm but does no damage.
Your crimson imp barely misses the worm.
The worm bites your bat!
Your bat dies!
Your bat's corpse disappears in a puff of smoke!
Your crimson imp hits the worm.
The worm bites your crimson imp!
Your crimson imp hits the worm.
Your crimson imp hits the worm.
The worm bites your crimson imp!
Your crimson imp dies!
Your crimson imp disappears in a puff of smoke!
Casting: Summon Small Mammal (safe; 2% risk of failure)
Confirm with . or Enter, or press ? or * to list all spells.
A beastly little devil appears in a puff of flame.
Your crimson imp blinks!
Casting: Call Imp (safe; 4% risk of failure)
Confirm with . or Enter, or press ? or * to list all spells.
Your crimson imp blinks!
The worm bites your quokka but does no damage.
Your quokka bites the worm.
Your quokka bites the worm.
Your quokka bites the worm.
The worm bites your quokka!
Your quokka dies!
Your quokka's corpse disappears in a puff of smoke!
Your crimson imp blinks!
The worm misses your crimson imp.
Your crimson imp hits the worm.
The worm dies!
Your crimson imp disappears in a puff of smoke!
HP restored.
Things that are here:
a +0 club; a goblin skeleton
Things that are here:
a +0 dagger; a goblin skeleton A frilled lizard comes into view.
Found 28 stones.
A frilled lizard is nearby!
The helpless frilled lizard fails to defend itself.
You puncture the frilled lizard!
You kill the frilled lizard!
You see here a frilled lizard corpse.
You see here 28 stones.
Found a ring mail.
An endoplasm comes into view.
Found a stone staircase leading down.
The endoplasm quivers.
Found 5 gold pieces.
The endoplasm freezes you.
You are frozen.
You feel a terrible chill!
You completely miss the endoplasm. The endoplasm freezes you.
You are frozen.
You feel a terrible chill!
You hit the endoplasm.
The endoplasm is lightly wounded.
The endoplasm freezes you.
You are frozen.
You feel a terrible chill!
You hit the endoplasm.
The endoplasm is moderately wounded.
The endoplasm freezes you.
You are frozen!
You feel a terrible chill!
* * * LOW HITPOINT WARNING * * *
Casting: Summon Small Mammal (safe; 2% risk of failure)
Confirm with . or Enter, or press ? or * to list all spells.
A beastly little devil appears in a puff of flame.
* * * LOW HITPOINT WARNING * * *
Your crimson imp hits the endoplasm.
Your crimson imp blinks!
The endoplasm closely misses you.
Your crimson imp blinks!
You see here 28 stones.
You see here a frilled lizard corpse.
The endoplasm jiggles.
Things that are here:
a +0 dagger; a goblin skeleton
Casting: Call Imp (safe; 4% risk of failure)
Confirm with . or Enter, or press ? or * to list all spells.
A beastly little devil appears in a puff of flame.
* * * LOW HITPOINT WARNING * * *
The endoplasm freezes you.
You are frozen.
You feel a terrible chill!
You die...

#..$ #.####......###
#.# #...
#.............## #.#
####
##########.....#####.#
........#......#.##
#..#.#.#.........#
.......#..###.####
#.5.....##.#
#........#.#
#.@#######.# #.J# #.#
#..#######.#
#).........#
######.##########
#....#.# #.##.#.#
#.##.#.# #.##.#.#


You could see an endoplasm (ally target) and a friendly crimson imp (summoned).

Vanquished Creatures
  A dart slug (D:1)
  A bat (D:2)
  An endoplasm (D:1)
  4 goblins (D:1)
  A hobgoblin (D:1)
  A ball python (D:2)
  4 frilled lizards
  2 rats (D:1)
15 creatures vanquished.

Vanquished Creatures (collateral kills)
  A worm (D:2)
  4 bats (D:1)
  2 goblins (D:2)
  2 hobgoblins (D:1)
  2 kobolds (D:1)
11 creatures vanquished.

Vanquished Creatures (others)
  A plant (D:1)
  A withered plant (D:1)
2 creatures vanquished.

Grand Total: 28 creatures vanquished

Notes
Turn   | Place    | Note
-------+----------+-------------------------------------------
     0 | D:1      | fiver49 the Djinni Summoner began the quest for the Orb.
     0 | D:1      | Reached XP level 1. HP: 15/15 MP: 0/0
     1 | D:1      | Noticed a draconian
     4 | D:1      | Noticed an octopode
     8 | D:1      | Noticed a naga
     9 | D:1      | Noticed a formicid
    11 | D:1      | Noticed a vampire
    13 | D:1      | Noticed a spriggan
    15 | D:1      | Noticed a merfolk
    15 | D:1      | Noticed a vampire
    15 | D:1      | Noticed a merfolk
    17 | D:1      | Noticed a spriggan
    17 | D:1      | Noticed a naga
    17 | D:1      | Noticed a barachi
    19 | D:1      | Noticed a vine stalker
    21 | D:1      | Noticed an octopode
   354 | D:1      | Reached XP level 2. HP: 13/21 MP: 0/0
  1108 | D:1      | Reached XP level 3. HP: 24/25 MP: 0/0
  1108 | D:1      | Learned a level 1 spell: Shock
  1205 | D:1      | Found a faded altar of an unknown god.
  1684 | D:2      | Reached skill level 4 in Spellcasting
  2000 | D:2      | HP: 5/25 [frozen (7)]
  2058 | D:2      | Frozen to death by an endoplasm

Illustrated notes

Levels and vault maps discovered:
D:1:      shiori_arrival_whats_in_store_for_you, layout_rooms, serial_forest,
          infiniplex_forest_lined_room_, infiniplex_forest_clump_curved,
          infiniplex_forest_corner_2, infiniplex_forest_lined_3_way,
          infiniplex_forest_clump_diagonal, infiniplex_forest_fountain,
          shapermc_ecumenical_altar_flowoftime, minivault_14,
          minmay_crystal_water
D:2:      layout_basic

Skill      XL: |  1  2  3 |
---------------+----------+-----
Spellcasting   | 4 |  4.0
Dodging        | |  2.1
Stealth        | |  1.5

Action                   || total
-------------------------++-------
Melee: Dagger            ||   100
       Unarmed           ||    10
 Cast: Summon Small Mamm ||     7
       Call Imp          ||     9
 Stab: Sleeping          ||     4
Armor: Robe              ||    34
Dodge: Dodged            ||    85

Table legend: (Time is in decaauts)
 A = Elapsed time spent in this place.
 B = Non-inter-level travel time spent in this place.
 C = Inter-level travel time spent in this place.
 D = Time resting spent in this place.
 E = Time spent auto-exploring this place.
 F = Levels seen in this place.
 G = Mean time per level.
                   A        B        C        D        E       F      G
               +--------+--------+--------+--------+--------+-----+--------+
         Total |   2057 |   2028 |     29 |    264 |   1382 |   2 | 1028.5 |
       Dungeon |   2057 |   2028 |     29 |    264 |   1382 |   2 | 1028.5 |
               +--------+--------+--------+--------+--------+-----+--------+

Top non-repeatable levels by time:
     D:1: 1611 daAuts
     D:2: 445 daAuts

Table legend:
 A = Kills in this place as a percentage of kills in entire the game.
 B = Kills by you in this place as a percentage of kills by you in the entire game.
 C = Kills by friends in this place as a percentage of kills by friends in the entire game.
 D = Other kills in this place as a percentage of other kills in the entire game.
 E = Experience gained in this place as a percentage of experience gained in the entire game.
 F = Experience gained in this place divided by the number of levels of this place that you have seen.
                   A       B       C       D       E      F
               +-------+-------+-------+-------+-------+----------------------
         Total | 100.0 | 100.0 | 100.0 |   N/A | 100.0 |  24.0
       Dungeon | 100.0 | 100.0 | 100.0 |   N/A | 100.0 |  24.0
               +-------+-------+-------+-------+-------+----------------------
